 Dungeon Crawl Stone Soup version 0.19.4-8-ga85b6b9 (console) character file.

157820 Kloppie the Warrior (level 17, -4/185 HPs)
             Began as a Yellow Draconian Berserker on Feb 7, 2017.
             Was a High Priest of Trog.
             Slain by a bone dragon (6 damage)
             ... on level 4 of the Swamp.
             The game lasted 00:51:42 (33446 turns).

Kloppie the Warrior (Yellow Draconian Berserker)   Turns: 33446, Time: 00:51:43

Health: -4/185     AC: 15    Str: 30    XL:     17   Next: 13%
Magic:  17/17      EV: 22    Int:  8    God:    Trog [*****.]
Gold:   3171       SH:  5    Dex: 16    Spells: 0 memorised, 16 levels left

rFire  + . .     SeeInvis .     a - +3 triple sword (slice)
rCold  . . .     Gourm    .     (armour unavailable)
rNeg   . . .     Faith    .     (shield currently unavailable)
rPois  .         Spirit   .     (helmet restricted)
rElec  .         Reflect  +     t - +2 cloak
rCorr  +         Harm     .     s - +2 pair of gloves {Str+3}
MR     ++...                    (no boots)
Stlth  +.........               l - +5 amulet of reflection
                                O - ring of protection from magic
                                F - ring "Juss" {rF+ Str+4 Slay+3}

@: lethally poisoned (-4 -> -4), exhausted, about to teleport, slowed, heavily
drained, very slow
A: spit acid, acid resistance, unfitting armour, robust 1, strong 1, acidic
bite, cold-blooded, AC +9
a: Spit Acid, Berserk, Trog's Hand, Brothers in Arms, Burn Spellbooks, Renounce
Religion


You were on level 4 of the Swamp.
You worshipped Trog.
Trog was extremely pleased with you.
You were not hungry.

You visited 4 branches of the dungeon, and saw 27 of its levels.
You also visited: Ice Cave.

You collected 3171 gold pieces.

Inventory:

Hand Weapons
 a - a +3 triple sword of slicing (weapon)
 b - the +1 long sword of Integrity {flame, rElec rPois rN++ MR-}
   (You took it off an orc on level 4 of the Dungeon)

   It has been specially enchanted to burn those struck by it, causing extra
   injury to most foes and up to half again as much damage against particularly
   susceptible opponents.
   Big, fiery blades are also staple armaments of hydra-hunters.
   It insulates you from electricity.
   It protects you from poison.
   It greatly protects you from negative energy.
   It affects your resistance to hostile enchantments.
 g - a +1 antimagic triple sword
 I - the +1 great sword "Ceoneaj" {protect, Dex+5}
   (Trog gifted it to you on level 4 of the Lair of Beasts)

   It protects the one who uses it against injury (+AC on strike).
   It affects your dexterity (+5).
 U - a +4 vampiric great sword
Armour
 s - a +2 pair of gloves of strength (worn)
 t - a +2 cloak (worn)
Jewellery
 e - an uncursed amulet of regeneration
 l - a +5 amulet of reflection (around neck)
 m - an uncursed ring of ice
 y - an uncursed ring of protection from fire
 F - the ring "Juss" (left hand) {rF+ Str+4 Slay+3}
   (You found it on level 6 of the Lair of Beasts)

   [ring of protection from fire]

   It affects your strength (+4).
   It affects your accuracy and damage with ranged weapons and melee attacks
   (+3).
   It protects you from fire.
 O - a ring of protection from magic (right hand)
 W - an uncursed ring of see invisible
Wands
 u - a wand of teleportation (2/9)
 B - a wand of teleportation (5/9)
 H - a wand of disintegration (10/24)
 K - a wand of acid (7/15)
 S - a wand of disintegration (10/24)
 V - a wand of digging (7/24)
Scrolls
 i - 9 scrolls of remove curse
 n - 5 scrolls of magic mapping
 o - 4 scrolls of fog
 q - 5 scrolls of teleportation
 r - 4 scrolls of blinking
 w - 4 scrolls of silence
 z - 4 scrolls of enchant armour
 C - a scroll of identify
 G - 4 scrolls of enchant weapon
 L - a scroll of fear
 P - 6 scrolls of recharging
Potions
 d - 4 potions of might
 j - 2 potions of cancellation
 p - 2 potions of cure mutation
 v - 2 potions of invisibility
 A - 4 potions of agility
 D - 7 potions of curing
 J - a potion of flight
 M - 4 potions of haste
 N - a potion of brilliance
 Q - 2 potions of resistance
Comestibles
 c - 3 beef jerkies
 f - 7 bread rations
 k - 18 meat rations
 x - 40 fruits
 X - a slice of pizza


   Skills:
 - Level 19.7(17.9) Fighting
 - Level 18.6(16.9) Long Blades
 + Level 14.3(12.7) Dodging


You had 16 spell levels left.
You didn't know any spells.

Dungeon Overview and Level Annotations

Branches:
Dungeon (15/15)            Temple (0/1) D:4            Lair (6/6) D:8
  Swamp (4/4) Lair:4       Spider (0/4) Lair:4        Slime (0/5) Lair:5
    Orc (2/2) D:12            Elf (0/3) Orc:2        Vaults (0/5) D:13
 Depths (0/5) D:15

Altars:
Ashenzari
Cheibriados
Dithmenos
Elyvilon
Gozag
Hepliaklqana
Makhleb
Nemelex Xobeh
Okawaru
Qazlal
Sif Muna
Vehumet
Xom
Yredelemnul
Zin
The Shining One

Shops:
D:7 %   D:12 *   Orc:1 =   Orc:2 [?((

Portals:
Trove: D:15 (give +3 storm dragon scales)


Innate Abilities, Weirdness & Mutations

You can spit globs of acid.
You are resistant to acid.
Your golden yellow scales are hard. (AC +9)
You cannot fit into any form of body armour.
You have acidic saliva.
You are cold-blooded and may be slowed by cold attacks.
You are robust. (+10% HP)
Your muscles are strong. (Str +2)


Message History

The spectral swamp dragon misses you.
The spectral swamp dragon completely misses you.
The spectral swamp dragon tramples you.
* * * LOW HITPOINT WARNING * * *
You feel drained.
* * * LOW HITPOINT WARNING * * *
The bone dragon closely misses you. The bone dragon completely misses you.
You block the bone dragon's attack.
The insubstantial wisp thrums sharply.
The phantasmal warrior is struck by lightning.
The lightning arcs!
You are struck by lightning.
* * * LOW HITPOINT WARNING * * *
The lightning grounds out.
You block the spectral swamp dragon's attack.
The spectral swamp dragon claws you but does no damage.
The spectral swamp dragon closely misses you.
The bone dragon bites you!
* * * LOW HITPOINT WARNING * * *
The bone dragon claws you.
You die...

#...##
♣♣..≈
##§§≈#
#♣≈..≈
#...##
♣≈....
##§.##
♣♣♣♣♣≈
##§..#
♣♣
##≈.§##
#..≈##
#Wv##
#v@#
#≈.ZZD#
##≈≈.Zv
##≈≈ZZ.
##≈≈≈§#
##≈.##
####


You could see a bone dragon, a phantasmal warrior, a spectral four-headed hydra,
2 spectral swamp dragons, 3 insubstantial wisps, a five-headed hydra zombie and
a swamp dragon zombie.

Vanquished Creatures
  Mara (Swamp:3)
  2 thorn hunters (Swamp:2)
  A ghoul (Swamp:2)
  A very ugly thing (Swamp:3)
  2 dire elephants (Lair:6)
  A great orb of eyes (D:15)
  Fannar (Lair:2)
  A vault guard (D:13)
  2 ice dragons (IceCv)
  11 hydras
  A ghost crab (Swamp:4)
  4 centaur warriors
  A merfolk avatar (Lair:6)
  10 alligators
  2 death knights
  2 tengu warriors
  3 orc high priests (Orc:2)
  2 skeletal warriors
  A flayed ghost (D:14)
  3 wizards (D:13)
  3 spriggan druids
  7 hill giants
  3 swamp dragons
  2 shambling mangroves
  6 orc knights
  2 necromancers (D:13)
  A lindwurm (shapeshifter) (D:15)
  A harpy (shapeshifter) (D:14)
  A wolf spider (D:15)
  A wolf spider zombie (D:15)
  5 orc sorcerers
  4 deep elf magi
  21 elephants
  A salamander (D:15)
  3 manticores
  6 ugly things (Swamp:4)
  3 cyclopes
  16 spiny frogs
  Maurice (D:8)
  6 black mambas
  2 ice statues (IceCv)
  3 gargoyles
  7 rime drakes
  5 yaktaurs (D:11)
  4 swamp worm zombies (Swamp:4)
  2 freezing wraiths
  10 komodo dragons
  3 tengu conjurers
  2 hydra zombies (Swamp:4)
  A polar bear (Lair:6)
  4 tyrant leeches
  13 trolls
  A jumping spider (Lair:4)
  7 hornets
  4 two-headed ogres
  36 slime creatures
  28 blink frogs
  A spectral swamp dragon (Swamp:4)
  2 alligator zombies (Swamp:4)
  16 bog bodies
  10 hippogriffs
  42 yaks
  8 wyverns
  3 spriggans
  A shadow (Swamp:1)
  2 basilisks
  4 wraiths
  2 water elementals (D:14)
  19 humans (D:13)
  A steam dragon (D:13)
  32 vampire mosquitoes
  5 hungry ghosts
  A mottled dragon (D:15)
  11 insubstantial wisps
  18 swamp worms
  2 wargs
  16 porcupines
  13 water moccasins
  26 orc warriors
  12 swamp drakes
  A black bear (D:9)
  16 ice beasts
  4 sky beasts
  A swamp dragon zombie (Swamp:4)
  3 phantoms
  An eye of draining (D:14)
  13 ogres
  4 boggarts (D:14)
  10 wolves
  22 centaurs
  4 necrophages (Swamp:2)
  11 crocodiles
  7 big kobolds
  2 gnoll sergeants (D:12)
  14 bullfrogs
  A water moccasin zombie (D:9)
  5 scorpions
  11 killer bees
  7 wights
  2 electric eels
  8 howler monkeys
  13 crimson imps
  5 centaur zombies
  3 bullfrog zombies
  A jelly (D:11)
  23 orc priests
  9 centaur skeletons
  6 hounds
  31 orc wizards
  Crazy Yiuf (D:6)
  5 iguanas
  15 worker ants
  Terence (D:3)
  A hound zombie (D:8)
  A hound skeleton (D:8)
  Robin (D:3)
  12 gnolls
  A swamp drake zombie (Swamp:4)
  20 adders
  7 shadow imps
  An ooze (D:2)
  A worm (D:4)
  4 dart slugs
  3 leopard geckos
  94 orcs
  4 ball pythons
  7 bats
  2 giant cockroaches
  9 hobgoblins
  3 quokkas
  7 frilled lizards
  11 goblins
  13 kobolds
  A leopard gecko skeleton (D:4)
  7 rats
994 creatures vanquished.

Vanquished Creatures (collateral kills)
  Rupert (D:12)
  Erolcha (D:12)
  4 skeletal warriors (D:12)
  A swamp worm zombie (Swamp:4)
  2 komodo dragons (Lair:6)
  A hydra zombie (Swamp:4)
  An alligator zombie (Swamp:4)
  A wraith (D:12)
  A yak (D:12)
  3 insubstantial wisps (Swamp:4)
  2 phantoms (Swamp:4)
  A wight (D:12)
  A hound (D:12)
20 creatures vanquished.

Vanquished Creatures (others)
  A hornet (Swamp:3)
  2 spriggans
  An orc priest (Orc:2)
  An orc wizard (D:15)
  8 fungi
  17 plants
30 creatures vanquished.

Grand Total: 1044 creatures vanquished

Notes
Turn   | Place    | Note
-------+----------+-------------------------------------------
     0 | D:1      | Kloppie the Draconian Berserker began the quest for the Orb.
     0 | D:1      | Reached XP level 1. HP: 19/19 MP: 1/1
   156 | D:1      | Reached XP level 2. HP: 24/27 MP: 2/2
   260 | D:1      | Reached skill level 4 in Fighting
   550 | D:1      | Reached ** piety under Trog
   552 | D:1      | Reached XP level 3. HP: 29/33 MP: 3/3
   898 | D:2      | Found a snail-covered altar of Cheibriados.
  1354 | D:2      | Reached XP level 4. HP: 33/41 MP: 4/4
  1364 | D:2      | Found a faded altar of an unknown god.
  1644 | D:3      | Reached skill level 5 in Fighting
  1893 | D:3      | Reached XP level 5. HP: 30/48 MP: 5/5
  2227 | D:3      | Found a deep blue altar of Sif Muna.
  2248 | D:3      | Noticed Robin
  2264 | D:3      | Killed Robin
  2286 | D:3      | Reached *** piety under Trog
  2308 | D:3      | Noticed Terence
  2316 | D:3      | Killed Terence
  2476 | D:4      | Noticed an ogre
  2480 | D:4      | Killed an ogre
  2480 | D:4      | Reached skill level 6 in Fighting
  2480 | D:4      | Reached XP level 6. HP: 58/58 MP: 6/6
  2555 | D:4      | Reached skill level 5 in Long Blades
  2673 | D:4      | Found an iron altar of Okawaru.
  2705 | D:4      | Reached skill level 7 in Fighting
  2730 | D:4      | Got a blackened long sword {flame}
  2928 | D:4      | Identified the cursed +1 long sword of Integrity {flame, rElec rPois rN++ MR-} (You took it off an orc on level 4 of the Dungeon)
  2971 | D:4      | Your scales start taking on a golden yellow colour.
  2971 | D:4      | Reached XP level 7. HP: 57/66 MP: 7/7
  3136 | D:4      | Found a staircase to the Ecumenical Temple.
  3332 | D:4      | Found a burning altar of Makhleb.
  3515 | D:5      | Entered Level 5 of the Dungeon
  3545 | D:5      | Reached skill level 8 in Fighting
  3621 | D:5      | Reached **** piety under Trog
  3806 | D:5      | Reached XP level 8. HP: 72/77 MP: 8/8
  4002 | D:5      | Found a glowing silver altar of Zin.
  4239 | D:6      | Reached skill level 5 in Dodging
  4313 | D:6      | Found a shimmering altar of Xom.
  4535 | D:6      | Found an opulent altar of Gozag.
  4824 | D:6      | Found a runed door.
  4874 | D:6      | Noticed Crazy Yiuf
  4879 | D:6      | Killed Crazy Yiuf
  4951 | D:7      | Reached XP level 9. HP: 74/82 MP: 9/9
  5331 | D:7      | Found a basalt altar of Yredelemnul.
  5435 | D:7      | Found a stormy altar of Qazlal.
  5463 | D:7      | Found Ulunluzu's Food Emporium.
  5495 | D:7      | Found a sparkling altar of Nemelex Xobeh.
  5513 | D:7      | Identified the Disquisition on Enchanting Shape Shifting
  5530 | D:7      | Reached ***** piety under Trog
  5566 | D:7      | Got a slimy flail {crush}
  5594 | D:7      | Found a shattered altar of Ashenzari.
  5672 | D:7      | Identified the cursed +1 flail "Wotiskopn" {crush, rF- Str+4 Int+3 Dex+5} (You took it off an orc on level 7 of the Dungeon)
  5776 | D:8      | Noticed Maurice
  5818 | D:8      | Killed Maurice
  6065 | D:8      | Found a white marble altar of Elyvilon.
  6168 | D:8      | Found a staircase to the Lair.
  6348 | D:8      | Reached XP level 10. HP: 90/90 MP: 10/10
  6476 | D:8      | Found a glowing golden altar of the Shining One.
  7104 | D:9      | Reached skill level 9 in Fighting
  7315 | D:9      | Found a radiant altar of Vehumet.
  7545 | D:9      | Reached skill level 10 in Fighting
  7978 | D:9      | Found a hazy altar of Hepliaklqana.
  8064 | D:9      | Reached skill level 10 in Long Blades
  8181 | D:9      | Reached skill level 11 in Fighting
  8366 | D:9      | Found a shadowy altar of Dithmenos.
  8557 | D:9      | Identified a scroll of acquirement
  8581 | D:10     | Entered Level 10 of the Dungeon
  8892 | D:10     | Reached XP level 11. HP: 96/102 MP: 11/11
  9285 | D:10     | Reached skill level 12 in Fighting
  9313 | D:10     | Received a gift from Trog
  9651 | D:10     | Reached ****** piety under Trog
 10307 | Lair:1   | Entered Level 1 of the Lair of Beasts
 10319 | Lair:1   | You fall through a shaft!
 10517 | Lair:1   | Reached skill level 10 in Dodging
 10555 | Lair:1   | Found a frozen archway.
 10582 | IceCv    | Entered an ice cave
 11408 | IceCv    | Reached XP level 12. HP: 113/113 MP: 12/12
 11439 | IceCv    | Noticed an ice dragon
 11440 | IceCv    | Noticed an ice dragon
 11453 | IceCv    | Killed an ice dragon
 11468 | IceCv    | Killed an ice dragon
 12258 | Lair:2   | Noticed Fannar
 12287 | Lair:2   | Killed Fannar
 12373 | Lair:2   | Gained mutation: You are robust. (+10% HP) [potion of beneficial mutation]
 12886 | Lair:3   | Noticed a seven-headed hydra
 12905 | Lair:3   | Killed a one-headed hydra
 13864 | Lair:3   | You fall through a shaft for 2 floors!
 13878 | Lair:5   | Received a gift from Trog
 14283 | Lair:5   | HP: 6/124 [elephant (11)]
 14765 | Lair:4   | Reached XP level 13. HP: 103/130 MP: 13/13
 15054 | Lair:4   | Found a staircase to the Swamp.
 15065 | Lair:4   | Found a hole to the Spider Nest.
 15101 | Lair:4   | Received a gift from Trog
 15111 | Lair:4   | Got a smoking great sword {god gift}
 15222 | Lair:4   | Identified the +1 great sword "Ceoneaj" {protect, Dex+5} (Trog gifted it to you on level 4 of the Lair of Beasts)
 15819 | Lair:5   | Found a staircase to the Slime Pits.
 16885 | D:11     | Received a gift from Trog
 17318 | D:12     | Found Sudghos's Assorted Antiques.
 17352 | D:12     | Found a staircase to the Orcish Mines.
 17466 | D:12     | Noticed Rupert
 17480 | D:12     | Killed Rupert
 17485 | D:12     | Noticed Erolcha
 17488 | D:12     | Killed Erolcha
 17488 | D:12     | Reached skill level 15 in Long Blades
 18235 | D:13     | Gained mutation: You have acidic saliva. [Yellow Draconian growth]
 18235 | D:13     | Reached XP level 14. HP: 106/139 MP: 4/14
 18914 | D:13     | Received a gift from Trog
 19158 | D:13     | Found a gate to the Vaults.
 19165 | D:13     | Paralysed by a wizard for 4 turns
 19505 | Orc:1    | Entered Level 1 of the Orcish Mines
 19505 | Orc:1    | Found Zim Fomnif's Jewellery Shop.
 20342 | Lair:6   | Entered Level 6 of the Lair of Beasts
 20538 | Lair:6   | Received a gift from Trog
 22996 | Lair:6   | Got a heavily runed lead ring
 23175 | Lair:6   | Reached XP level 15. HP: 147/147 MP: 5/15
 23211 | Lair:6   | Identified the ring "Juss" {rF+ Str+4 Slay+3} (You found it on level 6 of the Lair of Beasts)
 23248 | Lair:6   | Received a gift from Trog
 24089 | D:14     | Reached skill level 13 in Fighting
 24547 | D:14     | Gained mutation: Your muscles are strong. (Str +2) [potion of beneficial mutation]
 24783 | D:15     | Entered Level 15 of the Dungeon
 24863 | D:15     | Received a gift from Trog
 24866 | D:15     | Reached skill level 14 in Fighting
 24890 | D:15     | Found a portal to a secret trove of treasure.
 25048 | D:15     | Found a staircase to the Depths.
 25071 | D:15     | Received a gift from Trog
 25284 | D:15     | Reached skill level 15 in Fighting
 25880 | Orc:2    | Entered Level 2 of the Orcish Mines
 25952 | Orc:2    | Found a radiant altar of Vehumet.
 26235 | Orc:2    | Received a gift from Trog
 26282 | Orc:2    | Found a staircase to the Elven Halls.
 26405 | Orc:2    | Found Ybaty's Armour Shoppe.
 26467 | Orc:2    | Reached skill level 16 in Fighting
 26981 | Orc:2    | Found Miwuanwa's Weapon Shop.
 26987 | Orc:2    | Found Ysipeh's Weapon Shop.
 26989 | Orc:2    | Found Uronkolu's Magic Scroll Shoppe.
 27350 | Swamp:1  | Entered Level 1 of the Swamp
 27386 | Lair:4   | Reached XP level 16. HP: 39/167 MP: 6/16
 28891 | Swamp:2  | Reached skill level 17 in Fighting
 28953 | Swamp:2  | Received a gift from Trog
 29417 | Swamp:2  | Noticed a thorn hunter
 29423 | Swamp:2  | Noticed a thorn hunter
 29429 | Swamp:2  | Killed a thorn hunter
 29435 | Swamp:2  | Killed a thorn hunter
 30465 | Swamp:3  | Reached skill level 18 in Fighting
 30636 | Swamp:3  | Noticed Mara
 30680 | Swamp:3  | Noticed Kloppie's illusion
 30693 | Swamp:3  | Killed Mara
 31218 | Swamp:4  | Entered Level 4 of the Swamp
 31247 | Swamp:4  | Reached skill level 19 in Fighting
 32480 | Swamp:4  | Received a gift from Trog
 32490 | Swamp:4  | Reached XP level 17. HP: 154/185 MP: 17/17
 33439 | Swamp:4  | HP: 10/271 [six-headed hydra zombie (9)]
 33440 | Swamp:4  | HP: 4/181 [five-headed hydra zombie (5)]
 33440 | Swamp:4  | HP: 1/181 [five-headed hydra zombie (3)]
 33441 | Swamp:4  | Noticed a bone dragon
 33446 | Swamp:4  | HP: 9/185 [insubstantial wisp/static electricity (1)]
 33446 | Swamp:4  | HP: 2/185 [bone dragon (7)]
 33446 | Swamp:4  | Slain by a bone dragon

Skill      XL: |  1  2  3  4  5  6  7  8  9 10 11 12 13 14 15 16 17 |
---------------+----------------------------------------------------+-----
Fighting       | 4 5 6 7 8 11 12 16 19 | 19.7
Long Blades    | 4 5 6 7 8 10 11 12 15 18 | 18.6
Dodging        | 3 6 8 9 10 13 14 | 14.3

Action                   |  1- 3 |  4- 6 |  7- 9 | 10-12 | 13-15 | 16-18 || total
-------------------------+-------+-------+-------+-------+-------+-------++-------
Melee: Falchion          |    97 |   145 |   395 |   364 |       |       ||  1001
       Tailslap          |     8 |    29 |    94 |   336 |   338 |   126 ||   931
       Long sword        |       |     9 |    53 |   752 |    30 |    28 ||   872
       Great sword       |       |       |       |     6 |  1264 |    57 ||  1327
       Bite              |       |       |       |       |   187 |   106 ||   293
       Triple sword      |       |       |       |       |       |   353 ||   353
       Unarmed           |       |       |       |       |       |     1 ||     1
Invok: Berserk           |       |     3 |     5 |    13 |     9 |     6 ||    36
       Trog's Hand       |       |       |       |     5 |     7 |     5 ||    17
       Brothers in Arms  |       |       |       |       |     2 |     1 ||     3
 Abil: Spit Acid         |       |       |       |     2 |     1 |       ||     3
  Use: Scroll            |       |    11 |     7 |     3 |    12 |     5 ||    38
       Potion            |       |       |     4 |    12 |     4 |     4 ||    24
 Stab: Distracted        |     1 |       |       |     1 |       |       ||     2
       Sleeping          |       |       |     1 |     9 |     3 |       ||    13
       Confused          |       |       |       |       |       |     3 ||     3
  Eat: Chunk             |     2 |     8 |    18 |    34 |    48 |    14 ||   124
       Fruit             |       |       |       |     2 |       |       ||     2
       Royal jelly       |       |       |       |     2 |       |       ||     2
       Meat ration       |       |       |       |     1 |       |       ||     1
       Bread ration      |       |       |       |       |     2 |     3 ||     5
Armor: Skin              |    30 |    61 |   134 |   212 |   261 |   150 ||   848
Dodge: Dodged            |    70 |   102 |   294 |   770 |  1329 |   564 ||  3129
Block: Buckler           |     8 |    21 |   113 |   511 |       |       ||   653
       Reflection        |       |       |     1 |     8 |    11 |       ||    20
       Other             |       |       |       |       |   316 |   122 ||   438
       Rpst.: Falchion   |    23 |    27 |    86 |    54 |       |       ||   190
       Long sword        |       |     1 |    15 |   140 |     6 |    11 ||   173
       Great sword       |       |       |       |       |   338 |     8 ||   346
       Triple sword      |       |       |       |       |       |    88 ||    88
